Map: Automaton LE

Players

Serral - Winner!

  • Race: Terran Terran
  • League: Master
  • Spawn Location: 3:00

Alluton

  • Race: Protoss Protoss
  • League: Grandmaster
  • Spawn Location: 9:00

VOD

Have the link to the VOD?

Description

Time

  • Played on: Dec. 3, 2018, 11:42 a.m.
  • Length: 10:30
Show
View Real Time Build Order
Export as new Build Order

Serral Terran - Winner!

Build Orders: Cyclone Opening 

Get SALT Encoding   

  12  0:00  SCV  
  13  0:12  SCV  
  14  0:18  Supply Depot  
  14  0:24  SCV  
  15  0:39  SCV  
  15  0:41  Barracks  
  16  0:49  Refinery  
  16  0:51  SCV  
  16  0:57  Refinery  
  17  1:03  SCV  
  18  1:15  SCV  
  19  1:28  Reaper, Orbital Command  
  20  1:39  Supply Depot  
  20  1:47  Factory  
  20  1:54  SCV  
  20  2:00  Reaper  
  22  2:06  SCV  
  23  2:19  SCV  
  23  2:27  Command Center  
  23  2:31  Factory Tech Lab  
  23  2:36  SCV  
  24  2:48  SCV  
  24  2:51  Cyclone  
  28  2:56  Starport  
  28  3:00  SCV  
  28  3:01  Supply Depot  
  29  3:11  Mag-Field Accelerator  
  29  3:12  SCV  
  30  3:24  Cyclone, SCV  
  34  3:36  SCV  
  35  3:41  Orbital Command  
  35  3:42  Medivac  
  38  3:48  SCV  
  38  4:00  SCV  
  38  4:01  Cyclone  
  41  4:08  Barracks Tech Lab  
  41  4:09  Orbital Command  
  41  4:12  SCV  
  42  4:24  SCV  
  42  4:25  Barracks x2  
  42  4:28  Marine  
  42  4:29  Stimpack  
  44  4:35  SCV  
  44  4:37  SCV  
  46  4:45  Liberator  
  46  4:46  Marine  
  46  4:47  SCV  
  46  4:49  SCV  
  49  4:55  Bunker  
  49  5:03  SCV x2  
  49  5:05  Supply Depot  
  49  5:06  Supply Depot  
  54  5:08  Marine  
  50  5:15  Barracks Reactor  
  50  5:18  SCV x2  
  52  5:25  Marine x2, Combat Shield  
  54  5:31  Supply Depot, Refinery x2, Engineering Bay  
  54  5:32  SCV x2  
  56  5:43  Marine x2  
  56  5:44  SCV x2  
  56  5:45  Starport Reactor  
  60  5:51  Marine x2  
  60  5:52  Factory Reactor, Command Center  
  62  5:59  SCV  
  62  6:00  SCV  
  62  6:01  Marine x2  
  66  6:04  Terran Infantry Weapons Level 1  
  66  6:07  Supply Depot  
  66  6:09  Marine x2  
  68  6:18  Marine  
  68  6:19  Marine  
  70  6:26  Medivac x2  
  70  6:27  Marine x2  
  70  6:30  SCV x2  
  78  6:33  Supply Depot  
  78  6:35  Supply Depot  
  78  6:38  Widow Mine  
  78  6:39  Widow Mine  
  81  6:42  Marauder x2  
  81  6:43  Concussive Shells  
  81  6:45  Marine x2, SCV  
  86  6:52  SCV  
  87  6:57  SCV  
  87  7:00  Barracks x2  
  88  7:04  Widow Mine x2, SCV  
  93  7:08  Orbital Command  
  93  7:14  SCV  
  94  7:16  SCV  
  94  7:20  Marine, Marauder x2  
  100  7:32  Supply Depot x2, SCV x2  
  102  7:40  Medivac x2  
  102  7:41  Marauder x2  
  107  7:47  SCV x2  
  107  7:50  Barracks Tech Lab, Barracks Reactor  
  102  8:01  Marine x2  
  102  8:02  Widow Mine x2  
  102  8:03  Marauder x2  
  111  8:06  SCV x3  
  111  8:09  Terran Infantry Armor Level 1  
  111  8:10  Medivac x2  
  111  8:11  Supply Depot  
  118  8:18  Marauder  
  118  8:19  Marine x2  
  122  8:23  SCV x2  
  122  8:24  Marauder x2, SCV  
  129  8:31  Armory, Engineering Bay  
  129  8:32  Refinery x2  
  129  8:33  Supply Depot  
  129  8:35  SCV  
  129  8:36  SCV x2  
  129  8:38  Widow Mine x2  
  136  8:41  Marine x2  
  136  8:42  Marine x3  
  136  8:47  Medivac x2  
  140  8:58  Marauder x2  
  140  8:59  Marine x2, Widow Mine  
  140  9:00  Marauder, Widow Mine  
  147  9:15  Starport  
  147  9:16  Liberator x2  
  147  9:18  Marine x2, Command Center  
  147  9:19  Marauder x2  
  147  9:22  Marauder  
  155  9:28  Marine  
  156  9:33  Supply Depot  
  156  9:34  Supply Depot  
  160  9:41  Marauder x2  
  164  9:46  Fusion Core  
  164  9:47  SCV  
  165  9:53  Starport Tech Lab  
  165  9:54  Marauder, Widow Mine x2, SCV x2  
  165  9:56  Marine x2  
  175  10:00  Marine x2  
  175  10:02  Marauder x2  
  181  10:12  Refinery  
  181  10:16  Refinery  
Show
View Real Time Build Order
Export as new Build Order

Alluton Protoss 

Build Orders:  

Get SALT Encoding   

  12  0:01  Probe  
  13  0:13  Probe  
  14  0:21  Pylon  
  14  0:25  Probe  
  15  0:35  Probe  
  15  0:40  Gateway  
  16  0:44  Probe  
  17  0:56  Probe  
  17  1:00  Assimilator  
  18  1:08  Probe  
  19  1:29  Cybernetics Core  
  19  1:31  Probe  
  20  1:41  Assimilator  
  20  1:42  Pylon  
  20  1:43  Probe  
  21  1:55  Probe  
  21  1:56  Stalker  
  21  2:00  Nexus  
  24  2:09  Probe  
  24  2:21  Probe  
  24  2:24  Warp Gate  
  24  2:35  Probe  
  25  2:48  Probe  
  25  2:56  Robotics Facility  
  25  3:00  Probe  
  26  3:06  Stalker  
  26  3:12  Probe x2  
  30  3:15  Pylon  
  30  3:24  Probe x2  
  32  3:36  Stalker, Immortal, Probe  
  32  3:37  Probe  
  40  3:49  Probe  
  40  3:50  Probe  
  42  4:01  Probe  
  44  4:02  Gateway, Probe  
  44  4:06  Warp Prism  
  46  4:19  Gateway  
  46  4:20  Probe  
  46  4:21  Probe  
  48  4:32  Probe  
  48  4:34  Stalker, Probe  
  52  4:38  Pylon  
  53  4:45  Shield Battery  
  53  4:48  Probe  
  50  5:02  Probe  
  50  5:04  Probe  
  52  5:14  Probe  
  52  5:16  Probe  
  52  5:18  Pylon  
  52  5:21  Observer  
  54  5:28  Pylon  
  54  5:36  Probe x2  
  56  5:45  Stalker x2  
  56  5:48  Stalker, Probe x2  
  56  5:49  Nexus  
  64  5:58  Pylon  
  64  6:00  Probe x2  
  64  6:02  Observer  
  67  6:10  Pylon  
  67  6:12  Probe  
  68  6:25  Stalker x3  
  68  6:29  Probe  
  68  6:30  Probe  
  71  6:38  Twilight Council  
  71  6:41  Forge, Probe  
  71  6:43  Forge, Probe  
  73  6:48  Assimilator  
  73  6:52  Assimilator  
  73  6:53  Probe  
  74  6:55  Probe  
  74  7:00  Immortal  
  79  7:03  Probe  
  79  7:05  Probe  
  81  7:11  Probe  
  81  7:15  Shield Battery  
  82  7:25  Protoss Ground Weapons Level 1  
  82  7:27  Protoss Ground Armor Level 1  
  80  7:30  Stalker x3  
  80  7:35  Probe  
  76  7:48  Probe  
  77  7:55  Stalker x2  
  77  7:57  Stalker  
  77  8:01  Probe x2  
  77  8:02  Probe  
  78  8:13  Probe x2  
  78  8:14  Probe  
  81  8:21  Blink  
  81  8:25  Probe  
  81  8:26  Stalker, Zealot  
  81  8:27  Zealot  
  88  8:31  Gateway x2  
  88  8:33  Gateway  
  88  8:36  Gateway  
  88  8:45  Pylon  
  88  8:48  Zealot x2  
  92  8:49  Zealot  
  95  9:17  Pylon  
  93  9:20  Pylon  
  93  9:24  Pylon  
  84  9:33  Nexus  
  84  9:35  Pylon, Probe x2  
  84  9:39  Zealot  
  84  9:40  Pylon  
  84  9:44  Sentry  
  88  9:47  Immortal  
  88  10:06  Pylon  
  86  10:08  Zealot x2  
  86  10:09  Zealot x4  
Tags
 
Add a new tag
Caveats
  • Supply blocks, unpowered buildings, or Contaminate may cause inaccurate times.
  • Supply counts are checked every 10 seconds.